 Dungeon Crawl Stone Soup version 0.30.1-11-g7821555f0a (webtiles) character file.

Game seed: 10558490911553863163

159 porpoise the Shooter (level 5, -5/38 (46) HPs)
             Began as a Minotaur Hunter on Jan 15, 2024.
             Killed by divine providence
             ... invoked by an orc priest
              (13 damage)
             ... on level 2 of the Dungeon.
             The game lasted 00:03:42 (1894 turns).

porpoise the Shooter (Minotaur Hunter)              Turns: 1894, Time: 00:03:43

HP:   -5/38 (46)    AC:  5    Str: 16    XL:     5   Next: 17%
MP:   4/4           EV: 11    Int:  6    God:
Gold: 113           SH:  0    Dex: 15    Spells: 4/4 levels left

rFire   . . .        a - +0 shortbow
rCold   . . .        (shield currently unavailable)
rNeg    . . .        l - +0 ring mail
rPois   .            (helmet restricted)
rElec   .            (no cloak)
rCorr   .            (no gloves)
SInv    .            (no boots)
Will    .....        (no amulet)
Stlth   +            (no ring)
HPRegen 0.26/turn    (no ring)
MPRegen 0.09/turn

%: no passive effects
@: heavily drained
A: horns 2, retaliatory headbutt
a: no special abilities


You were on level 2 of the Dungeon.
You visited 1 branch of the dungeon, and saw 2 of its levels.

You collected 113 gold pieces.

Inventory:

Hand Weapons
 a - a +0 shortbow (weapon)
 o - a +2 dagger of holy wrath
Missiles
 i - 2 atropa-tipped darts
 m - 4 boomerangs
 n - 2 curare-tipped darts
Armour
 c - a +0 leather armour
 l - a +0 ring mail (worn)
Scrolls
 b - a scroll of immolation
 g - 3 scrolls of identify {unknown}
 h - a scroll of fog {unknown}
 j - 2 scrolls of amnesia {unknown}
Potions
 d - a potion of ambrosia {unknown}
 e - a potion of cancellation {unknown}
 f - 2 potions of curing {unknown}
 k - 2 potions of mutation {unknown}


   Skills:
 + Level 4.0 Fighting
 * Level 6.1 Ranged Weapons
 + Level 2.1 Armour
 - Level 2.1 Dodging
 - Level 0.7 Stealth


You had 4 spell levels left.
You didn't know any spells.
Your spell library contained the following spells:

 Spells                   Type           Power      Damage    Failure   Level
 Ensorcelled Hibernation  Hex/Ice        0%         N/A       80%         2
 Passwall                 Tmut/Erth      0%         N/A       80%         2
 Swiftness                Air            0%         N/A       95%         3


Dungeon Overview and Level Annotations

Branches:
Dungeon (2/15)

Altars:


Innate Abilities, Weirdness & Mutations

You have a pair of horns on your head.
You reflexively headbutt those who attack you in melee.


Message History

The orc hits you with a +0 hand axe of draining.
You feel drained.
You shoot an arrow. The arrow closely misses the orc.
The arrow hits the orc.
The orc is almost dead.
The orc hits you with a +0 hand axe of draining.
You feel drained.
The orc hits you with a +0 hand axe of draining.
You feel drained.
You shoot an arrow. The arrow hits the orc.
The orc is severely wounded.
The orc hits you with a +0 hand axe of draining.
You feel drained.
You shoot an arrow. The arrow barely misses the orc.
The arrow hits the orc.
You kill the orc!
The orc hits you but does no damage.
You feel drained.
You shoot an arrow. The arrow hits the orc!
You kill the orc!
The orc priest calls down the wrath of Beogh upon you.
Beogh smites you!
* * * LOW HITPOINT WARNING * * *
The orc hits you but does no damage. The orc hits you with a +0 dagger.
* * * LOW HITPOINT WARNING * * *
You shoot an arrow. The arrow closely misses the orc.
The arrow barely misses the orc priest.
The orc priest casts a cantrip, but nothing happens.
The orc closely misses you. You furiously retaliate!
You headbutt the orc!
You kill the orc!
The orc completely misses you. The orc hits you but does no damage.
Your Fighting skill increases to level 4!
You shoot an arrow.
The arrow hits the orc but does no damage.
The orc hits you with a +0 dagger.
* * * LOW HITPOINT WARNING * * *
The orc hits you with a +0 club.
* * * LOW HITPOINT WARNING * * *
You shoot an arrow. The arrow hits the orc.
The orc is heavily wounded.
The orc priest calls down the wrath of Beogh upon you.
Beogh smites you!
You die...

#####......##.......##...## $
##.....###............#
#.....##..#..###.............
# ......#.###.........>......>
#. ...#.#.###....#............
#.. ....#.........#..........#
#... ...#....................#
#.... .o#...##).#.............
#.#..o#o#..oo@o..#............
#.......#.#####........#.#.#.#
..........#####.###........#..
##..............#####.........
#........####...# ##..#.....
#.......## ##..### ##.##..<.
#.......# #....## #.###..#
#.....).# #.....# #.###..#
######### #.....# #.#.....


You could see an orc priest and 2 orcs.

Vanquished Creatures
  Terence (D:2)
  Jessica (D:2)
  3 gnolls
  An adder (D:1)
  2 worms (D:2)
  A dart slug (D:1)
  3 orcs (D:2)
  2 endoplasms (D:2)
  2 giant cockroaches
  2 goblins
  5 hobgoblins
  3 jackals (D:2)
  5 quokkas
  6 ball pythons (D:1)
  8 bats
  4 frilled lizards
  3 kobolds
  11 rats
63 creatures vanquished.

Notes
Turn   | Place    | Note
-------+----------+-------------------------------------------
     0 | D:1      | porpoise the Minotaur Hunter began the quest for the Orb.
     0 | D:1      | Reached XP level 1. HP: 18/18 MP: 0/0
   101 | D:1      | Reached XP level 2. HP: 20/25 MP: 1/1
   343 | D:1      | Reached skill level 5 in Ranged Weapons
   502 | D:1      | Reached XP level 3. HP: 31/31 MP: 2/2
   854 | D:2      | Noticed Jessica
   867 | D:1      | Reached skill level 1 in Armour
  1225 | D:2      | Reached XP level 4. HP: 38/38 MP: 3/3
  1244 | D:2      | Killed Jessica
  1618 | D:2      | Noticed Terence
  1627 | D:2      | Killed Terence
  1628 | D:2      | Reached skill level 6 in Ranged Weapons
  1628 | D:2      | Reached XP level 5. HP: 22/46 MP: 4/4
  1732 | D:2      | Found a faded altar of an unknown god.
  1894 | D:2      | Killed from afar by an orc priest

Illustrated notes

Levels and vault maps discovered:
D:1:      amcnicky_arrival_wind_blow, layout_basic, minmay_rat_gold_closets
D:2:      cheibrodos_pilgrimage, layout_rooms,
          shapermc_ecumenical_altar_flowoftime, uniq_terence, uniq_jessica

Skill      XL: |  1  2  3  4  5 |
---------------+----------------+-----
Fighting       | 3 4 |  4.0
Ranged Weapons | 5 6 |  6.1
Armour         | 1 2 |  2.1
Dodging        | |  2.1
Stealth        | |  0.7

Action                     |  1- 3 |  4- 6 || total
---------------------------+-------+-------++-------
   Fire: Shortbow          |   116 |    53 ||   169
 Armour: Leather armour    |     5 |       ||     5
         Ring mail         |    14 |     4 ||    18
  Dodge: Dodged            |    53 |     6 ||    59
